 Dungeon Crawl Stone Soup version 0.29.1-1-gd02db6906a (webtiles) character file.

Game seed: 7102876449159810149

231 boopmooplesden the Covered (level 5, -4/47 HPs)
             Began as a Minotaur Fighter on Oct 7, 2022.
             Slain by an iguana (8 damage)
             ... on level 3 of the Dungeon.
             The game lasted 00:03:15 (2864 turns).

boopmooplesden the Covered (Minotaur Fighter)       Turns: 2864, Time: 00:03:16

Health: -4/47      AC:  8    Str: 20    XL:     5   Next: 73%
Magic:  4/4        EV: 10    Int:  5    God:
Gold:   160        SH:  5    Dex: 12    Spells: 4/4 levels left

rFire   . . .      SeeInvis .   a - +2 long sword
rCold   . . .      Faith    .   c - +0 buckler
rNeg    . . .      Spirit   .   b - +0 scale mail
rPois   .          Reflect  .   (helmet restricted)
rElec   .          Harm     .   (no cloak)
rCorr   .          Rampage  .   d - +0 pair of gloves
Will    .....                   (no boots)
Stlth   ..........              (no amulet)
HPRegen 0.15/turn               (no ring)
MPRegen 0.09/turn               (no ring)

@: no status effects
A: horns 2, retaliatory headbutt
a: no special abilities


You were on level 3 of the Dungeon.
You visited 1 branch of the dungeon, and saw 4 of its levels.

You collected 160 gold pieces.

Inventory:

Hand Weapons
 a - a +2 long sword (weapon)
Armour
 b - a +0 scale mail (worn)
 c - a +0 buckler (worn)
 d - a +0 pair of gloves (worn)
Jewellery
 j - a ring of ice
Scrolls
 f - a scroll of blinking
 h - a scroll of enchant weapon
 k - a scroll of butterflies
Potions
 e - 2 potions of mutation {unknown}
 g - a potion of flight {unknown}
 l - a potion of brilliance {unknown}
 n - a potion of haste {unknown}


   Skills:
 + Level 4.6 Fighting
 + Level 3.8 Long Blades
 + Level 5.4 Armour
 + Level 1.6 Dodging
 + Level 4.6 Shields


You had 4 spell levels left.
You didn't know any spells.
Your spell library was empty.

Dungeon Overview and Level Annotations

Branches:
Dungeon (4/15)
 Temple: D:4-7

Altars:
Ru

Shops:
D:4 (


Innate Abilities, Weirdness & Mutations

You have a pair of horns on your head.
You reflexively headbutt those who attack you in melee.


Message History

The iguana bites you but does no damage.
The hound barely misses you.
Found a stone staircase leading up.
You block the hound's attack. The hound attacks as you move away!
You block the hound's attack. The iguana attacks as you move away!
The iguana bites you. The hound bites you.
* * * LOW HITPOINT WARNING * * *
The hound pauses to sniff the ground.
The hound attacks as you move away! You block the hound's attack.
The hound closely misses you. The hound closely misses you.
There is a stone staircase leading up here.
The hound bites you but does no damage. The iguana bites you!
* * * LOW HITPOINT WARNING * * *
The hound bites you but does no damage.
You climb upwards.
Reactivating autopickup.
There is a stone staircase leading down here.
You closely miss the hound. Your headbutt misses the hound.
You block the hound's attack. The hound barely misses you.
You hit the hound but do no damage. The hound bites you.
* * * LOW HITPOINT WARNING * * *
The hound closely misses you. You furiously retaliate!
You headbutt the hound! You slash the hound!
You kill the hound!
You slash the iguana! Your headbutt misses the iguana.
The iguana is heavily wounded.
The iguana misses you.
You hit the iguana but do no damage.
The iguana is heavily wounded.
The iguana misses you. The iguana barely misses you. You furiously retaliate!
You headbutt the iguana, but do no damage.
You hit the iguana but do no damage.
The iguana is heavily wounded.
The iguana bites you.
* * * LOW HITPOINT WARNING * * *
You slash the iguana!
The iguana is almost dead.
The iguana bites you!
You die...

######## ###
#....... ########@#
#.###### #......#l#
#....... #.####.#.#
############## #.#
#.#.###.............
#.#
#.#.................
#.#
#.(..##.#######.....
#.######..##.#
#.####
#............# #.#
#. #########.####
#.# #.


You could see an iguana.

Vanquished Creatures
  2 hounds
  2 iguanas
  An orc wizard (D:3)
  An adder (D:2)
  2 worms
  3 dart slugs (D:1)
  10 orcs
  3 endoplasms
  7 goblins
  4 hobgoblins
  4 jackals (D:1)
  7 kobolds
  A quokka (D:2)
  7 ball pythons
  4 bats
  2 frilled lizards
  3 rats
63 creatures vanquished.

Notes
Turn   | Place    | Note
-------+----------+-------------------------------------------
     0 | D:1      | boopmooplesden the Minotaur Fighter began the quest for the
                  | Orb.
     0 | D:1      | Reached XP level 1. HP: 19/19 MP: 0/0
   117 | D:1      | Reached XP level 2. HP: 16/27 MP: 1/1
   287 | D:1      | Reached skill level 4 in Armour
   550 | D:1      | Found a faded altar of an unknown god.
   796 | D:2      | Reached XP level 3. HP: 17/33 MP: 2/2
  1642 | D:3      | Reached skill level 1 in Dodging
  1642 | D:3      | Reached XP level 4. HP: 6/40 MP: 3/3
  2612 | D:3      | Found a sacrificial altar of Ru.
  2745 | D:4      | Reached skill level 5 in Armour
  2745 | D:4      | Reached XP level 5. HP: 38/47 MP: 4/4
  2803 | D:4      | Found Xixzobif's Weapon Shop.
  2864 | D:3      | Slain by an iguana

Illustrated notes

Levels and vault maps discovered:
D:1:      minmay_arrival_checkered_box, layout_loops_ring,
          chequers_ecumenical_altar_grove
D:2:      layout_rooms, minmay_tetromino_s2
D:3:      layout_basic, nicolae_overflow_crystal_walls
D:4:      layout_rooms, lemuel_round_altar, vehumet_statue,
          grunt_temple_overflow_cloverleaf, mainiacjoe_overflow_surrounded_room,
          serial_shops, nicolae_shop_bloodbath_and_beyond

Skill      XL: |  1  2  3  4 |
---------------+-------------+-----
Armour         | 4 5 |  5.4
Shields        | 4 |  4.6
Fighting       | 4 |  4.6
Long Blades    | 3 |  3.8
Dodging        | 1 |  1.6

Action                   |  1- 3 |  4- 6 || total
-------------------------+-------+-------++-------
Melee: Long sword        |   118 |    60 ||   178
       Headbutt          |    16 |    10 ||    26
  Use: Scroll            |     5 |     4 ||     9
       Potion            |     2 |       ||     2
Armor: Scale mail        |    69 |    23 ||    92
Dodge: Dodged            |    80 |    45 ||   125
Block: Buckler           |    37 |    20 ||    57
